 Dungeon Crawl Stone Soup version 0.21.1-1-g345015fe64 (webtiles) character file.

980 Duralumin the Chiller (level 7, 0/50 HPs)
             Began as a Yellow Draconian Ice Elementalist on Feb 7, 2018.
             Slain by an orc
             ... wielding a +0 mace
              (6 damage)
             ... on level 6 of the Dungeon.
             The game lasted 00:29:00 (5317 turns).

Duralumin the Chiller (DrIE)                        Turns: 5317, Time: 00:29:01

Health: 0/50       AC:  8    Str: 11    XL:     7   Next: 96%
Magic:  10/23      EV: 12    Int: 17    God:
Gold:   233        SH:  0    Dex: 11    Spells: 1/15 levels left

rFire    . . .     SeeInvis .   m - +2 dagger (venom)
rCold    . . .     Gourm    .   (no shield)
rNeg     . . .     Faith    .   (armour unavailable)
rPois    .         Spirit   .   (helmet restricted)
rElec    .         Reflect  .   u - +0 cloak
rCorr    +         Harm     .   (no gloves)
MR       .....                  y - +0 pair of boots (curse)
Stlth    ++........             (no amulet)
HPRegen  0.16/turn              h - ring of magical power
MPRegen  0.18/turn              (no ring)

@: no status effects
A: spit acid, acid resistance, unfitting armour, cold-blooded, AC +6
a: Breathe Acid


You were on level 6 of the Dungeon.
You were not hungry.

You visited 2 branches of the dungeon, and saw 7 of its levels.

You collected 233 gold pieces.

Inventory:

Hand Weapons
 m - a +2 dagger of venom (weapon)
 s - a +0 blowgun
Missiles
 e - 12 stones (quivered)
 t - 29 poisoned needles
Armour
 u - a +0 cloak (worn)
 y - a cursed +0 pair of boots (worn)
Jewellery
 h - a ring of magical power (left hand)
Wands
 f - a wand of iceblast (8)
Scrolls
 c - a scroll of magic mapping
 d - 2 scrolls of amnesia
 j - a scroll of enchant weapon {unknown}
 k - 3 scrolls of teleportation
 l - a scroll of fear {unknown}
 o - a scroll of fog {unknown}
 q - 3 scrolls of remove curse {unknown}
 v - a scroll of noise {unknown}
 w - a scroll of summoning {unknown}
 x - a scroll of blinking {unknown}
 A - a scroll of identify
Potions
 g - a potion of brilliance {unknown}
 i - a potion of mutation
 n - a potion of might
 p - 2 potions of flight
 r - 2 potions of lignification {unknown}
Books
 a - a book of Frost

   Spells                             Type                      Level
   a - Freeze                         Ice                          1
   b - Throw Frost                    Conjuration/Ice              2
   c - Ozocubu's Armour               Charms/Ice                   3
   d - Throw Icicle                   Conjuration/Ice              4
   e - Summon Ice Beast               Ice/Summoning                4
 z - a book of Callings

   Spells                             Type                      Level
   a - Summon Small Mammal            Summoning                    1
   b - Call Imp                       Summoning                    2
   c - Call Canine Familiar           Summoning                    3
   d - Summon Guardian Golem          Hexes/Summoning              3
   e - Summon Lightning Spire         Summoning/Air                4
   f - Summon Ice Beast               Ice/Summoning                4
Comestibles
 b - 11 rations


   Skills:
 - Level 1.7 Dodging
 - Level 1.7 Stealth
 + Level 4.8 Spellcasting
 + Level 5.1 Conjurations
 + Level 6.5 Ice Magic


You had one spell level left.
You knew the following spells:

 Your Spells              Type           Power        Failure   Level  Hunger
a - Freeze                Ice            ####         1%          1    None
b - Throw Frost           Conj/Ice       ###...       1%          2    #......
c - Throw Icicle          Conj/Ice       ###.....     13%         4    ####...
d - Ozocubu's Armour      Chrm/Ice       ###.....     12%         3    ###....
e - Summon Ice Beast      Ice/Summ       ###.....     36%         4    ####...


Dungeon Overview and Level Annotations

Branches:
Dungeon (6/15)             Temple (1/1) D:4

Altars:
Cheibriados
Dithmenos
Elyvilon
Fedhas
Gozag
Hepliaklqana
Kikubaaqudgha
Makhleb
Nemelex Xobeh
Okawaru
Qazlal
Ru
Sif Muna
Trog
Uskayaw
Wu Jian
Xom
Yredelemnul
Zin
The Shining One

Annotations:
D:3 Sigmund


Innate Abilities, Weirdness & Mutations

You can spit globs of acid.
You are resistant to acid.
Your golden yellow scales are hard. (AC +6)
You cannot fit into any form of body armour.
You are cold-blooded and may be slowed by cold attacks.


Message History

You see here a javelin.
As you open the door, it creaks loudly! The orc hits you but does no damage.
There is an open door here.
The orc misses you.
The orc warrior throws a javelin.
The javelin hits you!
* * * LOW HITPOINT WARNING * * *
There is a stone staircase leading up here.
You see here a javelin.
Okay, then.
Unknown command.
Unknown command.
Unknown command.
Unknown command.
Unknown command.
Unknown command.
Unknown command.
The orc warrior throws a javelin.
The javelin closely misses you. The orc hits you with a mace.
You die...

................##..†###...###..#
#.#####'##.......#....#....'.....
#.##....##.......#....#....#.....
..)..............#....#....#(....
......).###'######'####..######'#
........##......##...##..####...#
.................>...............
...............o.(...............
#.##...(##....oo@(..............[
#.##....##.o........<....##......
..#......................########
..#....(####'#####.......#
..#.....##......##.....<.#
..#.......o.....##########
..##............##
..##....##.........
..###'####.........


You could see an orc warrior and 4 orcs.

Vanquished Creatures
  Edmund (D:5)
  A water moccasin (D:6)
  A phantom (D:5)
  Blork the orc (D:4)
  A howler monkey (D:4)
  A crimson imp (D:6)
  Crazy Yiuf (D:3)
  A hound (D:4)
  A centaur skeleton (D:5)
  2 orc priests
  An orc wizard (D:6)
  Natasha (D:4)
  A worker ant (D:5)
  A hound zombie (D:6)
  2 hound skeletons
  Robin (D:2)
  3 gnolls (D:4)
  8 adders
  An ooze (D:3)
  An adder zombie (D:5)
  An adder skeleton (D:4)
  5 worms
  5 dart slugs
  7 leopard geckos
  8 orcs
  5 bats
  7 giant cockroaches
  17 goblins
  6 hobgoblins
  6 jackals
  11 kobolds
  2 quokkas (D:3)
  2 ball pythons
  13 frilled lizards
  A leopard gecko skeleton (D:4)
  10 rats
137 creatures vanquished.

Notes
Turn   | Place    | Note
-------+----------+-------------------------------------------
     0 | D:1      | Duralumin the Draconian Ice Elementalist began the quest for the Orb.
     0 | D:1      | Reached XP level 1. HP: 14/14 MP: 3/3
   266 | D:1      | Reached XP level 2. HP: 20/20 MP: 3/5
   617 | D:1      | Reached skill level 4 in Ice Magic
   621 | D:1      | Learned a level 2 spell: Throw Frost
   931 | D:2      | Noticed Robin
   967 | D:1      | Reached XP level 3. HP: 10/26 MP: 6/6
  1273 | D:2      | Killed Robin
  1321 | D:2      | Found a hide-covered altar of Uskayaw.
  1474 | D:2      | Reached XP level 4. HP: 33/33 MP: 7/7
  1598 | D:2      | Noticed a moth of wrath
  1600 | D:2      | Found a bloodstained altar of Trog.
  1627 | D:2      | Found a blossoming altar of Fedhas.
  1985 | D:3      | Learned a level 4 spell: Throw Icicle
  2000 | D:3      | Reached XP level 5. HP: 37/38 MP: 7/8
  2381 | D:3      | Noticed Sigmund
  2516 | D:3      | Reached skill level 5 in Ice Magic
  2535 | D:3      | Found a runed door.
  2541 | D:3      | Noticed Crazy Yiuf
  2550 | D:3      | Killed Crazy Yiuf
  2798 | D:4      | Noticed Natasha
  2801 | D:4      | Killed Natasha
  3010 | D:4      | Reached XP level 6. HP: 28/45 MP: 9/10
  3020 | D:4      | Noticed Blork the orc
  3041 | D:4      | Learned a level 3 spell: Ozocubu's Armour
  3141 | D:4      | Killed Blork the orc
  3400 | D:4      | Found a burning altar of Makhleb.
  3585 | D:4      | Found a glowing golden altar of the Shining One.
  3680 | D:4      | Found a staircase to the Ecumenical Temple.
  3686 | Temple   | Entered the Ecumenical Temple
  3927 | D:5      | Entered Level 5 of the Dungeon
  4136 | D:5      | Your scales start taking on a golden yellow colour.
  4136 | D:5      | Reached XP level 7. HP: 42/50 MP: 12/12
  4345 | D:5      | Found a shadowy altar of Dithmenos.
  4345 | D:5      | Found a sparkling altar of Nemelex Xobeh.
  4345 | D:5      | Found a white marble altar of Elyvilon.
  4345 | D:5      | Found a stormy altar of Qazlal.
  4345 | D:5      | Noticed Edmund
  4355 | D:5      | Killed Edmund
  4355 | D:5      | Reached skill level 6 in Ice Magic
  4363 | D:5      | Found a sacrificial altar of Ru.
  4363 | D:5      | Found a shimmering altar of Xom.
  5159 | D:6      | Reached skill level 5 in Conjurations
  5167 | D:6      | Learned a level 4 spell: Summon Ice Beast
  5317 | D:6      | Slain by an orc

Skill      XL: |  1  2  3  4  5  6  7 |
---------------+----------------------+-----
Ice Magic      | 4 5 6 |  6.5
Conjurations   | 2 3 4 5 |  5.1
Spellcasting   | 3 4 |  4.8
Dodging        | |  1.7
Stealth        | |  1.7

Action                   |  1- 3 |  4- 6 |  7- 9 || total
-------------------------+-------+-------+-------++-------
Melee: Dagger            |     3 |   106 |    42 ||   151
       Tailslap          |       |    13 |     4 ||    17
 Cast: Freeze            |    54 |    62 |     3 ||   119
       Throw Frost       |    15 |    69 |    12 ||    96
       Throw Icicle      |       |     5 |     9 ||    14
       Ozocubu's Armour  |       |     1 |       ||     1
 Abil: Breathe Acid      |       |       |     2 ||     2
  Use: Scroll            |       |     7 |       ||     7
 Stab: Sleeping          |     1 |     4 |       ||     5
  Eat: Chunk             |     4 |    12 |     2 ||    18
       Ration            |       |       |     2 ||     2
Armor: Skin              |    13 |    41 |    16 ||    70
Dodge: Dodged            |    31 |    83 |    26 ||   140
